3A
GRAND FORKS CATERPILLARS @ BELLEVILLE BULLS
08/30/2025
 
TOP OF THE 1ST
Grand Forks Caterpillars batting - Pitching for Belleville Bulls : LHP Ken Clarke
Pitching: LHP Ken Clarke
Batting: RHB Arnold Meurs 0-0: Ball
1-0: Swinging Strike
1-1: Called Strike
1-2: Ground out 5-3 (Groundball, 56)
Batting: RHB Ab van der Kamp 0-0: Ball
1-0: Called Strike
1-1: Swinging Strike
1-2: Strikes out swinging
Batting: RHB José Pérez 0-0: Ball
1-0: Ground out 6-3 (Groundball, 6)
Top of the 1st over - 0 run(s), 0 hit(s), 0 error(s), 0 left on base; Grand Forks 0 - Belleville 0
BOTTOM OF THE 1ST
Belleville Bulls batting - Pitching for Grand Forks Caterpillars : RHP Mito Shimada
Pitching: RHP Mito Shimada
Batting: RHB Miguel González 0-0: Reached on error, E5 (Groundball, 56)
Batting: RHB Vincente Fuentes 0-0: Called Strike
0-1: Ball
1-1: Swinging Strike
1-2: Ground out 5-3 (Groundball, 56S)
Miguel González to third
Batting: LHB Tommy Sullivan 0-0: SINGLE (Flyball, 89S)
Miguel González scores
Batting: RHB Juan Román 0-0: Foul Ball, location: 2F
0-1: Ball
Tommy Sullivan steals 2nd base
1-1: Ball
Passed Ball!
Tommy Sullivan to third
2-1: Ball
3-1: Base on Balls
Batting: RHB Markus Thompson 0-0: Called Strike
0-1: Ball
1-1: Called Strike
1-2: Ball
2-2: Foul Ball, location: 2F
2-2: Strikes out looking
Batting: LHB Ruben Yim 0-0: Ball
1-0: Swinging Strike
1-1: Foul Ball, location: 2F
1-2: Strikes out swinging
Bottom of the 1st over - 1 run(s), 1 hit(s), 1 error(s), 2 left on base; Grand Forks 0 - Belleville 1
TOP OF THE 2ND
Grand Forks Caterpillars batting - Pitching for Belleville Bulls : LHP Ken Clarke
Batting: LHB Víctor Fortis 0-0: Ball
1-0: Ball
2-0: Ground out U3 (Groundball, 3)
Batting: RHB Carlos Romero 0-0: Ball
1-0: SINGLE (Groundball, 6MD)
Batting: LHB Santiago Reyes 0-0: SINGLE (Line Drive, 4MD)
Carlos Romero to second
Batting: RHB Jorge Noutel 0-0: Called Strike
0-1: Fly out, F8 (Flyball, 8LD)
Runner from 2nd tags up, SAFE at 3rd, no throw
Batting: LHB Michael Woodard 0-0: Ball
1-0: Called Strike
1-1: Ball
2-1: Fly out, F7 (Flyball, 7S)
Top of the 2nd over - 0 run(s), 2 hit(s), 0 error(s), 2 left on base; Grand Forks 0 - Belleville 1
BOTTOM OF THE 2ND
Belleville Bulls batting - Pitching for Grand Forks Caterpillars : RHP Mito Shimada
Batting: RHB Ernest Daniels 0-0: Ground out 6-3 (Groundball, 6)
Batting: RHB Duane Wills 0-0: Ball
1-0: Ball
2-0: Foul Ball, location: 2F
2-1: Ground out 6-3 (Groundball, 6S)
Batting: RHB Dean Summers 0-0: Foul Ball, location: 2F
0-1: Foul Ball, location: 2F
0-2: Fly out, F9 (Flyball, 9S)
Bottom of the 2nd over - 0 run(s), 0 hit(s), 0 error(s), 0 left on base; Grand Forks 0 - Belleville 1
TOP OF THE 3RD
Grand Forks Caterpillars batting - Pitching for Belleville Bulls : LHP Ken Clarke
Batting: LHB Israel Peña 0-0: Ball
1-0: Swinging Strike
1-1: Foul Ball, location: 2F
1-2: Hit by Pitch
Batting: RHB Arnold Meurs 0-0: Ball
1-0: Swinging Strike
1-1: Ball
2-1: Foul Ball, location: 2F
2-2: Fly out, F4 (Line Drive, 34)
Batting: RHB Ab van der Kamp 0-0: SINGLE (Flyball, 6MD)
Israel Peña to second
Batting: RHB José Pérez 0-0: Ball
1-0: Swinging Strike
1-1: Foul Ball, location: 2F
1-2: Ball
2-2: Strikes out looking
Batting: LHB Víctor Fortis 0-0: Called Strike
0-1: Foul Ball, location: 2F
0-2: Strikes out swinging
Top of the 3rd over - 0 run(s), 1 hit(s), 0 error(s), 2 left on base; Grand Forks 0 - Belleville 1
BOTTOM OF THE 3RD
Belleville Bulls batting - Pitching for Grand Forks Caterpillars : RHP Mito Shimada
Batting: RHB Miguel González 0-0: Ball
1-0: Ball
2-0: Fly out, F4 (Line Drive, 34)
Batting: RHB Vincente Fuentes 0-0: Swinging Strike
0-1: Swinging Strike
0-2: Ball
1-2: Ball
2-2: SINGLE (Line Drive, 89S)
Batting: LHB Tommy Sullivan 0-0: Swinging Strike
0-1: Ball
1-1: Swinging Strike
1-2: Foul Ball, location: 2F
1-2: Strikes out looking
Batting: RHB Juan Román 0-0: Called Strike
0-1: Ball
1-1: Ball
2-1: Foul Ball, location: 2F
2-2: Ball
3-2: Strikes out looking
Bottom of the 3rd over - 0 run(s), 1 hit(s), 0 error(s), 1 left on base; Grand Forks 0 - Belleville 1
TOP OF THE 4TH
Grand Forks Caterpillars batting - Pitching for Belleville Bulls : LHP Ken Clarke
Batting: RHB Carlos Romero 0-0: Fly out, F8 (Flyball, 89M)
Batting: LHB Santiago Reyes 0-0: SINGLE (Line Drive, 6MD)
Batting: RHB Jorge Noutel 0-0: Called Strike
0-1: Called Strike
0-2: Ball
1-2: Strikes out swinging
Batting: LHB Michael Woodard 0-0: Ball
1-0: Ball
2-0: Ball
3-0: Called Strike
3-1: Foul Ball, location: 2F
3-2: 2-RUN HOME RUN (Flyball, 89XD), Distance : 407 ft
Batting: LHB Israel Peña 0-0: Foul Ball, location: 2F
0-1: Ball
1-1: Foul Ball, location: 2F
1-2: Fly out, F7 (Flyball, 7)
Top of the 4th over - 2 run(s), 2 hit(s), 0 error(s), 0 left on base; Grand Forks 2 - Belleville 1
BOTTOM OF THE 4TH
Belleville Bulls batting - Pitching for Grand Forks Caterpillars : RHP Mito Shimada
Batting: RHB Markus Thompson 0-0: Ball
1-0: SINGLE (Groundball, 34D)
Batting: LHB Ruben Yim 0-0: Foul Ball, location: 2F
0-1: Ball
1-1: Ball
2-1: Ball
3-1: Foul Ball, location: 2F
3-2: Base on Balls
Markus Thompson to second
Batting: RHB Ernest Daniels 0-0: Foul Ball, location: 2F
0-1: SINGLE (Line Drive, 56D)
Markus Thompson to third
Ruben Yim to second
Batting: RHB Duane Wills 0-0: Called Strike
0-1: Ball
1-1: Fielders Choice at 2nd, 6-4 (Groundball, 56)
Markus Thompson scores
Ruben Yim to third
Batting: RHB Dean Summers 0-0: Ball
Duane Wills is caught stealing 2nd base
1-0: Swinging Strike
1-1: Called Strike
1-2: Ball
2-2: Strikes out swinging
Bottom of the 4th over - 1 run(s), 2 hit(s), 0 error(s), 1 left on base; Grand Forks 2 - Belleville 2
TOP OF THE 5TH
Grand Forks Caterpillars batting - Pitching for Belleville Bulls : LHP Ken Clarke
Pitching: LHP Rubén Ruíz
Batting: RHB Arnold Meurs 0-0: Ball
1-0: Fly out, F9 (Line Drive, 9)
Batting: RHB Ab van der Kamp 0-0: Ball
1-0: Called Strike
1-1: Ball
2-1: Called Strike
2-2: Strikes out looking
Batting: RHB José Pérez 0-0: Ball
1-0: Foul Ball, location: 2F
1-1: Ground out 5-3 (Groundball, 56S)
Top of the 5th over - 0 run(s), 0 hit(s), 0 error(s), 0 left on base; Grand Forks 2 - Belleville 2
BOTTOM OF THE 5TH
Belleville Bulls batting - Pitching for Grand Forks Caterpillars : RHP Mito Shimada
Batting: RHB Miguel González 0-0: Ground out 5-3 (Groundball, 56S)
Batting: RHB Vincente Fuentes 0-0: Called Strike
0-1: Ball
1-1: SINGLE (Groundball, 5D)
Batting: LHB Tommy Sullivan 0-0: Called Strike
0-1: Foul Ball, location: 2F
0-2: Ball
1-2: Foul Ball, location: 2F
1-2: Ball
2-2: Foul Ball, location: 2F
2-2: Fielders Choice at 2nd, 3-6 (Groundball, 34)
Batting: RHB Juan Román 0-0: Ball
1-0: Ball
2-0: Called Strike
2-1: SINGLE (Line Drive, 8LS)
Tommy Sullivan to second
Batting: RHB Markus Thompson 0-0: Ball
1-0: Foul Ball, location: 2F
1-1: Swinging Strike
1-2: Strikes out looking
Bottom of the 5th over - 0 run(s), 2 hit(s), 0 error(s), 2 left on base; Grand Forks 2 - Belleville 2
TOP OF THE 6TH
Grand Forks Caterpillars batting - Pitching for Belleville Bulls : LHP Rubén Ruíz
Batting: LHB Víctor Fortis 0-0: Foul Ball, location: 2F
0-1: Ball
1-1: Swinging Strike
1-2: Foul Ball, location: 2F
1-2: Strikes out swinging
Batting: RHB Carlos Romero 0-0: Ball
1-0: Called Strike
1-1: Swinging Strike
1-2: Foul Ball, location: 2F
1-2: Fly out, F7 (Flyball, 7)
Batting: LHB Santiago Reyes 0-0: SINGLE (Groundball, 4D)
Batting: RHB Jorge Noutel 0-0: Ball
1-0: Fly out, F4 (Line Drive, 4)
Top of the 6th over - 0 run(s), 1 hit(s), 0 error(s), 1 left on base; Grand Forks 2 - Belleville 2
BOTTOM OF THE 6TH
Belleville Bulls batting - Pitching for Grand Forks Caterpillars : RHP Mito Shimada
Pitching: RHP Rafael Avelar
Batting: LHB Ruben Yim 0-0: Bunted foul
0-1: Ball
1-1: Ground out U3 (Groundball, 34)
Batting: RHB Ernest Daniels 0-0: Ball
1-0: Foul Ball, location: 2F
1-1: Swinging Strike
1-2: Fly out, F8 (Flyball, 8RS)
Batting: RHB Duane Wills 0-0: Called Strike
0-1: Foul Ball, location: 2F
0-2: Ball
1-2: Ball
2-2: Foul Ball, location: 2F
2-2: Foul Ball, location: 2F
2-2: Ground out 3-1 (Groundball, 34)
Bottom of the 6th over - 0 run(s), 0 hit(s), 0 error(s), 0 left on base; Grand Forks 2 - Belleville 2
TOP OF THE 7TH
Grand Forks Caterpillars batting - Pitching for Belleville Bulls : LHP Rubén Ruíz
Pinch Hitting: RHB Alvaro Elixaeberna 0-0: Ball
1-0: Hit by Pitch
Pinch Hitting: SHB Neil Byrd 0-0: Bunt missed!
0-1: Reached on error, E2 (Groundball, 2L)
Alvaro Elixaeberna to third
Batting: RHB Arnold Meurs 0-0: Ball
1-0: Swinging Strike
1-1: Ball
2-1: Swinging Strike
2-2: Ball
3-2: Strikes out swinging
Batting: RHB Ab van der Kamp 0-0: Ball
1-0: Ball
2-0: Foul Ball, location: 2F
2-1: Foul Ball, location: 2F
2-2: Ground out 5-3 (Groundball, 5L)
Batting: RHB José Pérez 0-0: Called Strike
0-1: Called Strike
0-2: Strikes out looking
Top of the 7th over - 0 run(s), 0 hit(s), 1 error(s), 2 left on base; Grand Forks 2 - Belleville 2
BOTTOM OF THE 7TH
Belleville Bulls batting - Pitching for Grand Forks Caterpillars : RHP Rafael Avelar
Now at 3B: Alvaro Elixaeberna
Now in CF: Ramón Vega
Batting: RHB Dean Summers 0-0: Called Strike
0-1: Called Strike
0-2: Ball
1-2: Ball
2-2: Fly out, F8 (Flyball, 8RM)
Batting: RHB Miguel González 0-0: Ball
1-0: Called Strike
1-1: Called Strike
1-2: Foul Ball, location: 2F
1-2: Strikes out swinging, 2-3 out at first.
Batting: RHB Vincente Fuentes 0-0: Ball
1-0: Swinging Strike
1-1: Ball
2-1: Fly out, F7 (Line Drive, 7LD)
Bottom of the 7th over - 0 run(s), 0 hit(s), 0 error(s), 0 left on base; Grand Forks 2 - Belleville 2
TOP OF THE 8TH
Grand Forks Caterpillars batting - Pitching for Belleville Bulls : LHP Rubén Ruíz
Batting: LHB Víctor Fortis 0-0: Fly out, F8 (Flyball, 8LM)
Batting: RHB Carlos Romero 0-0: Ball
1-0: Ground out 6-3 (Groundball, 6)
Pinch Hitting: RHB Felipe Cuevas 0-0: Foul Ball, location: 2F
0-1: Swinging Strike
0-2: Strikes out swinging
Top of the 8th over - 0 run(s), 0 hit(s), 0 error(s), 0 left on base; Grand Forks 2 - Belleville 2
BOTTOM OF THE 8TH
Belleville Bulls batting - Pitching for Grand Forks Caterpillars : RHP Rafael Avelar
Now at 2B: Jim Unknown
Batting: LHB Tommy Sullivan 0-0: Ball
1-0: Foul Ball, location: 2F
1-1: Ball
2-1: Foul Ball, location: 2F
2-2: SINGLE (Line Drive, 56)
Batting: RHB Juan Román 0-0: Called Strike
0-1: Ball
1-1: Ball
2-1: Called Strike
2-2: Strikes out looking
Pitching: RHP Fernando Marés
Pinch Hitting: LHB Jesús Mancía 0-0: Called Strike
0-1: Called Strike
0-2: Strikes out swinging
Batting: LHB Ruben Yim 0-0: Ball
1-0: Called Strike
1-1: Called Strike
1-2: Ball
2-2: Ball
3-2: Strikes out looking
Bottom of the 8th over - 0 run(s), 1 hit(s), 0 error(s), 1 left on base; Grand Forks 2 - Belleville 2
TOP OF THE 9TH
Grand Forks Caterpillars batting - Pitching for Belleville Bulls : LHP Rubén Ruíz
Pitching: RHP Rafael Peralta
Now at 1B: Jesús Mancía
Batting: RHB Jorge Noutel 0-0: Ball
1-0: Called Strike
1-1: Ball
2-1: Swinging Strike
2-2: Strikes out swinging
Batting: RHB Alvaro Elixaeberna 0-0: Fly out, F9 (Flyball, 9LMF)
Batting: LHB Ramón Vega 0-0: Foul Ball, location: 2F
0-1: Foul Ball, location: 2F
0-2: Ground out 5-3 (Groundball, 5S)
Top of the 9th over - 0 run(s), 0 hit(s), 0 error(s), 0 left on base; Grand Forks 2 - Belleville 2
BOTTOM OF THE 9TH
Belleville Bulls batting - Pitching for Grand Forks Caterpillars : RHP Fernando Marés
Pitching: RHP Juan Deliz
Pinch Hitting: SHB Tristan Shanks 0-0: Ball
1-0: Called Strike
1-1: Ball
2-1: Called Strike
2-2: Strikes out swinging
Batting: RHB Duane Wills 0-0: Ball
1-0: Ball
2-0: Ground out 5-3 (Groundball, 5)
Batting: RHB Dean Summers 0-0: Ball
1-0: Called Strike
1-1: Swinging Strike
1-2: SINGLE (Line Drive, 7S)
Batting: RHB Miguel González 0-0: Fielders Choice at 2nd, 6-4 (Groundball, 6)
Bottom of the 9th over - 0 run(s), 1 hit(s), 0 error(s), 0 left on base; Grand Forks 2 - Belleville 2
TOP OF THE 10TH
Grand Forks Caterpillars batting - Pitching for Belleville Bulls : RHP Rafael Peralta
Now at 3B: Tomás Bermúdez
Batting: RHB Arnold Meurs 0-0: Swinging Strike
0-1: Swinging Strike
0-2: Strikes out swinging
Batting: RHB Ab van der Kamp 0-0: Called Strike
0-1: Swinging Strike
0-2: SINGLE (Line Drive, 7S)
Batting: RHB José Pérez 0-0: Called Strike
0-1: Called Strike
0-2: Ball
1-2: Strikes out swinging
Batting: LHB Víctor Fortis 0-0: Called Strike
0-1: Ball
1-1: Ball
2-1: Fly out, F3 (Popup, 3S)
Top of the 10th over - 0 run(s), 1 hit(s), 0 error(s), 1 left on base; Grand Forks 2 - Belleville 2
BOTTOM OF THE 10TH
Belleville Bulls batting - Pitching for Grand Forks Caterpillars : RHP Juan Deliz
Batting: RHB Vincente Fuentes 0-0: Ball
1-0: Ball
2-0: Ball
3-0: Base on Balls
Pinch Runner at 1st Gabriel López:
Batting: LHB Tommy Sullivan 0-0: Ball
1-0: Called Strike
1-1: Ball
2-1: Called Strike
2-2: Ball
3-2: DOUBLE (Line Drive, 89XD)
Gabriel López to third
Gabriel López scores
Friday, December 30th, 2016 - OOTP Baseball 17.12 Build 75